MID
WEST VIRGINIA POWER @ KANE COUNTY COUGARS
08/11/2044
 
TOP OF THE 1ST
West Virginia Power batting - Pitching for Kane County Cougars : LHP Nate Earnshaw
Pitching: LHP Nate Earnshaw
Batting: RHB Ron Corn 0-0: Ball
1-0: Ball
2-0: Ball
3-0: Base on Balls
Batting: LHB Micah Boshnjaku 0-0: Ball
1-0: Ball
2-0: Ball
Ron Corn is caught stealing 2nd base 2-6
3-0: Called Strike
3-1: Fly out, F7 (Flyball, 78D, EV 91.2 MPH)
Batting: RHB Jordan Robinson 0-0: Ball
1-0: Called Strike
1-1: Fly out, F9 (Flyball, 89S, EV 83.8 MPH)
Top of the 1st over - 0 runs, 0 hits, 0 errors, 0 left on base; West Virginia 0 - Kane County 0
BOTTOM OF THE 1ST
Kane County Cougars batting - Pitching for West Virginia Power : RHP Josh Markham
Pitching: RHP Josh Markham
Batting: LHB Willie Gutierrez 0-0: Ball
1-0: Ball
2-0: Ball
3-0: Base on Balls
Batting: RHB Franklin Villanueva 0-0: Called Strike
0-1: Grounds into double play, 3-6-1 (Groundball, 34S, EV 83.1 MPH)
Batting: LHB T.J. Duvall 0-0: Foul Ball, location: 2F
0-1: Ball
1-1: Ball
2-1: Fly out, F8 (Flyball, 78D, EV 80.0 MPH)
Bottom of the 1st over - 0 runs, 0 hits, 0 errors, 0 left on base; West Virginia 0 - Kane County 0
TOP OF THE 2ND
West Virginia Power batting - Pitching for Kane County Cougars : LHP Nate Earnshaw
Batting: RHB Tom Primmer 0-0: Ground out 4-3 (Groundball, 34, EV 102.5 MPH)
Batting: RHB Dennis Coppolino 0-0: Ball
1-0: Ball
2-0: Ground out 1-3 (Groundball, 13S, EV 76.2 MPH)
Batting: RHB Ted Goldblatt 0-0: Ground out 4-3 (Groundball, 4S, EV 79.4 MPH)
Top of the 2nd over - 0 runs, 0 hits, 0 errors, 0 left on base; West Virginia 0 - Kane County 0
BOTTOM OF THE 2ND
Kane County Cougars batting - Pitching for West Virginia Power : RHP Josh Markham
Batting: RHB Matt Maxwell 0-0: Called Strike
0-1: Ball
1-1: Foul Ball, location: 2F
1-2: Ground out 4-3 (Groundball, 4, EV 85.0 MPH)
Batting: RHB John Pena 0-0: Called Strike
0-1: Ball
1-1: Ball
2-1: Ball
3-1: Foul Ball, location: 2F
3-2: SINGLE (Line Drive, 4MD, EV 101.9 MPH)
Batting: RHB Wes Santiago 0-0: Called Strike
0-1: Fly out, F7 (Line Drive, 7D, EV 97.5 MPH)
Batting: RHB Jake Hodge 0-0: Ball
1-0: Called Strike
1-1: SINGLE (Groundball, 56S, EV 68.8 MPH) (infield hit)
John Pena to second
Batting: LHB Brian Nielsen 0-0: Ball
1-0: Called Strike
1-1: Ball
Wild Pitch!
John Pena to third
Jake Hodge to second
2-1: Foul Ball, location: 2F
2-2: Ball
3-2: Base on Balls
Batting: RHB Jason Rivers 0-0: Swinging Strike
0-1: SINGLE (Groundball, 4D, EV 94.4 MPH)
John Pena scores
Jake Hodge to third
Brian Nielsen to second
Runner from 3rd tries for Home, SAFE, throw by CF to home
Batting: LHB Willie Gutierrez 0-0: Called Strike
0-1: Foul Ball, location: 2F
0-2: Fly out, F9 (Flyball, 9S, EV 94.4 MPH)
Bottom of the 2nd over - 2 runs, 3 hits, 0 errors, 2 left on base; West Virginia 0 - Kane County 2
TOP OF THE 3RD
West Virginia Power batting - Pitching for Kane County Cougars : LHP Nate Earnshaw
Batting: RHB Pleun Smit 0-0: Ball
1-0: Ball
2-0: Called Strike
2-1: Ground out 4-3 (Groundball, 13, EV 78.1 MPH)
Batting: RHB Alfredo Medrano 0-0: Called Strike
0-1: Ball
1-1: Ground out 6-3 (Groundball, 6, EV 103.1 MPH)
Batting: RHB John Beiswenger 0-0: Fly out, F8 (Flyball, 89M, EV 92.5 MPH)
Top of the 3rd over - 0 runs, 0 hits, 0 errors, 0 left on base; West Virginia 0 - Kane County 2
BOTTOM OF THE 3RD
Kane County Cougars batting - Pitching for West Virginia Power : RHP Josh Markham
Batting: RHB Franklin Villanueva 0-0: Called Strike
0-1: Ball
1-1: Called Strike
1-2: Ball
2-2: Ground out 5-3 (Groundball, 56, EV 88.8 MPH)
Batting: LHB T.J. Duvall 0-0: Ball
1-0: Called Strike
1-1: Called Strike
1-2: Ball
2-2: Strikes out swinging
Batting: RHB Matt Maxwell 0-0: Ball
1-0: Swinging Strike
1-1: Swinging Strike
1-2: Strikes out swinging
Bottom of the 3rd over - 0 runs, 0 hits, 0 errors, 0 left on base; West Virginia 0 - Kane County 2
TOP OF THE 4TH
West Virginia Power batting - Pitching for Kane County Cougars : LHP Nate Earnshaw
Batting: RHB Ron Corn 0-0: Ball
1-0: Called Strike
1-1: Foul Ball, location: 2F
1-2: Ball
2-2: Ball
3-2: Foul Ball, location: 2F
3-2: Base on Balls
Batting: LHB Micah Boshnjaku 0-0: Swinging Strike
0-1: Ball
1-1: Ball
2-1: Called Strike
2-2: Ball
3-2: Foul Ball, location: 2F
3-2: Foul Ball, location: 2F
3-2: Strikes out swinging
Ron Corn is caught stealing 2nd base 2-6
Batter strikes out.
Batting: RHB Jordan Robinson 0-0: Ball
1-0: DOUBLE (Line Drive, 89XD, EV 103.1 MPH)
Batting: RHB Tom Primmer 0-0: Called Strike
0-1: Swinging Strike
0-2: Ball
1-2: SINGLE (Flyball, 8LM, EV 88.8 MPH)
Jordan Robinson to third
Batting: RHB Dennis Coppolino 0-0: DOUBLE (Flyball, 78XD, EV 90.0 MPH)
Jordan Robinson scores
Tom Primmer to third
Batting: RHB Ted Goldblatt 0-0: Called Strike
0-1: Ground out U3 (Groundball, 3, EV 89.4 MPH)
Top of the 4th over - 1 run, 3 hits, 0 errors, 2 left on base; West Virginia 1 - Kane County 2
BOTTOM OF THE 4TH
Kane County Cougars batting - Pitching for West Virginia Power : RHP Josh Markham
Batting: RHB John Pena 0-0: Ball
1-0: Ground out 5-3 (Groundball, 56S, EV 82.5 MPH)
Batting: RHB Wes Santiago 0-0: Ball
1-0: Foul Ball, location: 2F
1-1: Swinging Strike
1-2: Foul Ball, location: 2F
1-2: Fly out, F7 (Line Drive, 7, EV 84.4 MPH)
Batting: RHB Jake Hodge 0-0: Ball
1-0: Called Strike
1-1: Ball
2-1: Foul Ball, location: 2F
2-2: Foul Ball, location: 2F
2-2: Ball
3-2: Strikes out swinging
Bottom of the 4th over - 0 runs, 0 hits, 0 errors, 0 left on base; West Virginia 1 - Kane County 2
TOP OF THE 5TH
West Virginia Power batting - Pitching for Kane County Cougars : LHP Nate Earnshaw
Batting: RHB Pleun Smit 0-0: Ground out 5-3 (Groundball, 56, EV 91.2 MPH)
Batting: RHB Alfredo Medrano 0-0: Called Strike
0-1: Fly out, F9 (Flyball, 9S, EV 73.1 MPH)
Batting: RHB John Beiswenger 0-0: Ball
1-0: DOUBLE (Line Drive, 78M, EV 87.5 MPH)
Batting: RHB Ron Corn 0-0: Ball
1-0: Ball
2-0: Ball
3-0: Called Strike
3-1: Base on Balls
Batting: LHB Micah Boshnjaku 0-0: Called Strike
0-1: Ground out U3 (Groundball, 3, EV 102.5 MPH)
Top of the 5th over - 0 runs, 1 hit, 0 errors, 2 left on base; West Virginia 1 - Kane County 2
BOTTOM OF THE 5TH
Kane County Cougars batting - Pitching for West Virginia Power : RHP Josh Markham
Batting: LHB Brian Nielsen 0-0: Called Strike
0-1: Called Strike
0-2: Ball
1-2: DOUBLE (Line Drive, 7LS, EV 90.0 MPH)
Batting: RHB Jason Rivers 0-0: Ball
1-0: Called Strike
1-1: Ball
2-1: Ball
3-1: Foul Ball, location: 2F
3-2: Foul Ball, location: 2F
3-2: Foul Ball, location: 2F
3-2: Ground out 5-3 (Groundball, 56, EV 85.0 MPH)
Batting: LHB Willie Gutierrez 0-0: Foul Ball, location: 2F
0-1: Ball
1-1: Ground out 6-3 (Groundball, 6, EV 91.2 MPH)
Batting: RHB Franklin Villanueva 0-0: Called Strike
0-1: Called Strike
0-2: Strikes out swinging
Bottom of the 5th over - 0 runs, 1 hit, 0 errors, 1 left on base; West Virginia 1 - Kane County 2
TOP OF THE 6TH
West Virginia Power batting - Pitching for Kane County Cougars : LHP Nate Earnshaw
Batting: RHB Jordan Robinson 0-0: Ball
1-0: Ball
2-0: Ground out 5-3 (Groundball, 56, EV 83.8 MPH)
Batting: RHB Tom Primmer 0-0: Ball
1-0: Ground out 1-5-3 (Groundball, 15S, EV 104.4 MPH)
Batting: RHB Dennis Coppolino 0-0: Called Strike
0-1: Fly out, F7 (Flyball, 7S, EV 83.1 MPH)
Top of the 6th over - 0 runs, 0 hits, 0 errors, 0 left on base; West Virginia 1 - Kane County 2
BOTTOM OF THE 6TH
Kane County Cougars batting - Pitching for West Virginia Power : RHP Josh Markham
Batting: LHB T.J. Duvall 0-0: Called Strike
0-1: Ball
1-1: Foul Ball, location: 2F
1-2: Ball
2-2: Ground out 1-3 (Groundball, 34S, EV 68.8 MPH)
Batting: RHB Matt Maxwell 0-0: Ball
1-0: Fly out, F7 (Flyball, 7LM, EV 93.8 MPH)
Batting: RHB John Pena 0-0: Swinging Strike
0-1: Ball
1-1: Foul Ball, location: 2F
1-2: SINGLE (Flyball, 5D, EV 93.1 MPH)
Batting: RHB Wes Santiago 0-0: Swinging Strike
0-1: Called Strike
0-2: Ball
1-2: DOUBLE (Flyball, 78XD, EV 113.1 MPH)
John Pena to third
Runner from 3rd tries for Home, SAFE, throw by LF to home
Pitching: RHP Adam Monge
Batting: RHB Jake Hodge 0-0: Swinging Strike
0-1: Ball
1-1: Swinging Strike
1-2: Strikes out swinging
Bottom of the 6th over - 1 run, 2 hits, 0 errors, 1 left on base; West Virginia 1 - Kane County 3
TOP OF THE 7TH
West Virginia Power batting - Pitching for Kane County Cougars : LHP Nate Earnshaw
Batting: RHB Ted Goldblatt 0-0: Ball
1-0: Ground out 6-3 (Groundball, 6, EV 84.4 MPH)
Batting: RHB Pleun Smit 0-0: Hit by Pitch
Batting: RHB Alfredo Medrano 0-0: Ball
1-0: Foul Ball, location: 2F
1-1: Fielders Choice at 2nd, 5-4 (Groundball, 56, EV 110.0 MPH)
Batting: RHB John Beiswenger 0-0: Ball
1-0: Ball
2-0: Called Strike
2-1: Foul Ball, location: 2F
2-2: Ball
3-2: Fly out, F4 (Flyball, 4D, EV 86.9 MPH)
Top of the 7th over - 0 runs, 0 hits, 0 errors, 1 left on base; West Virginia 1 - Kane County 3
BOTTOM OF THE 7TH
Kane County Cougars batting - Pitching for West Virginia Power : RHP Adam Monge
Batting: LHB Brian Nielsen 0-0: Foul Ball, location: 2F
0-1: Ball
1-1: Ball
2-1: Ball
3-1: Called Strike
3-2: Foul Ball, location: 2F
3-2: Strikes out swinging
Batting: RHB Jason Rivers 0-0: Ball
1-0: Ball
2-0: Ball
3-0: Called Strike
3-1: Called Strike
3-2: Foul Ball, location: 2F
3-2: SINGLE (Groundball, 6MD, EV 105.6 MPH)
Batting: LHB Willie Gutierrez 0-0: Ball
1-0: Fly out, F7 (Flyball, 7LM, EV 77.5 MPH)
Batting: RHB Franklin Villanueva 0-0: Called Strike
0-1: Swinging Strike
0-2: Ball
1-2: Strikes out swinging
Bottom of the 7th over - 0 runs, 1 hit, 0 errors, 1 left on base; West Virginia 1 - Kane County 3
TOP OF THE 8TH
West Virginia Power batting - Pitching for Kane County Cougars : LHP Nate Earnshaw
Pitching: LHP Yorihiko Honda
Batting: RHB Ron Corn 0-0: Ball
1-0: Called Strike
1-1: Foul Ball, location: 2F
1-2: Ground out U3 (Groundball, 13, EV 95.6 MPH)
Batting: LHB Micah Boshnjaku 0-0: Called Strike
0-1: Called Strike
0-2: Ball
1-2: Ball
2-2: Fly out, F5 (Popup, 15, EV 85.0 MPH)
Batting: RHB Jordan Robinson 0-0: Ball
1-0: Called Strike
1-1: Ball
2-1: Ground out 5-3 (Groundball, 56, EV 90.0 MPH)
Top of the 8th over - 0 runs, 0 hits, 0 errors, 0 left on base; West Virginia 1 - Kane County 3
BOTTOM OF THE 8TH
Kane County Cougars batting - Pitching for West Virginia Power : RHP Adam Monge
Batting: LHB T.J. Duvall 0-0: Swinging Strike
0-1: Ball
1-1: Foul Ball, location: 2F
1-2: Foul Ball, location: 2F
1-2: Strikes out swinging
Batting: RHB Matt Maxwell 0-0: Ball
1-0: Ball
2-0: Called Strike
2-1: Swinging Strike
2-2: Strikes out swinging
Batting: RHB John Pena 0-0: Ground out 4-3 (Groundball, 4S, EV 85.6 MPH)
Bottom of the 8th over - 0 runs, 0 hits, 0 errors, 0 left on base; West Virginia 1 - Kane County 3
TOP OF THE 9TH
West Virginia Power batting - Pitching for Kane County Cougars : LHP Yorihiko Honda
Pitching: RHP Jose Fernandez
Batting: RHB Tom Primmer 0-0: Ball
1-0: Ball
2-0: Called Strike
2-1: Foul Ball, location: 2F
2-2: Ground out 5-3 (Groundball, 56, EV 98.1 MPH)
Batting: RHB Dennis Coppolino 0-0: Called Strike
0-1: Ball
1-1: Swinging Strike
1-2: Ball
2-2: Ball
3-2: Foul Ball, location: 2F
3-2: Base on Balls
Batting: RHB Ted Goldblatt 0-0: Fly out, F9 (Flyball, 89M, EV 84.4 MPH)
Pinch Hitting: LHB Justin Harris 0-0: SINGLE (Line Drive, 8RS, EV 95.6 MPH)
Dennis Coppolino to second
Batting: RHB Alfredo Medrano 0-0: Swinging Strike
0-1: Ball
1-1: Called Strike
1-2: Ball
2-2: Foul Ball, location: 2F
2-2: Strikes out swinging
Top of the 9th over - 0 runs, 1 hit, 0 errors, 2 left on base; West Virginia 1 - Kane County 3
Thursday, March 31st , 2022 - OOTP Baseball 22.12 Build 89